 Dungeon Crawl Stone Soup version 0.29.1-2-gbd0b4ee654 (webtiles) character file.

Game seed: 2797181257630918059

1481 GigaChad the Cleaver (level 8, -2/70 HPs)
             Began as a Minotaur Fighter on Nov 22, 2022.
             Was an Initiate of Ashenzari.
             Slain by a vampire (11 damage)
             ... on level 6 of the Dungeon.
             The game lasted 00:11:51 (5550 turns).

GigaChad the Cleaver (Minotaur Fighter)             Turns: 5550, Time: 00:11:54

Health: -2/70      AC: 10    Str: 22    XL:     8   Next: 50%
Magic:  7/7        EV:  8    Int:  5    God:    Ashenzari [......]
Gold:   203        SH:  0    Dex: 11    Spells: 7/7 levels left

rFire   . . .      SeeInvis .   a - +0 war axe
rCold   . . .      Faith    .   u - +1 kite shield
rNeg    . . .      Spirit   .   b - +0 scale mail
rPois   .          Reflect  .   (helmet restricted)
rElec   .          Harm     .   (no cloak)
rCorr   .          Rampage  .   k - +1 Delatra's gloves {ID++}
Will    .....                   (no boots)
Stlth   ..........              (no amulet)
HPRegen 0.21/turn               n - ring "Tethered With Me" {Slay+4, Self, Bglg} (curse)
MPRegen 0.10/turn               (no ring)

@: confused
A: horns 2, retaliatory headbutt
a: Renounce Religion, Shatter the Chains


You were on level 6 of the Dungeon.
You worshipped Ashenzari.
Ashenzari was noncommittal.
You visited 2 branches of the dungeon, and saw 7 of its levels.

You collected 203 gold pieces.

Inventory:

Hand Weapons
 a - a +0 war axe (weapon)
Missiles
 z - a throwing net (quivered)
Armour
 b - a +0 scale mail (worn)
 c - a +0 buckler
 k - the +1 Delatra's gloves (worn) {ID++}
   (You found it on level 2 of the Dungeon)

   It heals its wearer when they drink unknown potions.
   It restores its wearer's MP when they read unknown scrolls.
 o - an orb of mayhem
 u - a +1 kite shield (worn)
Jewellery
 n - the cursed ring "Tethered With Me" (left hand) {Slay+4, Self, Bglg}
   (You found it on level 3 of the Dungeon)

   [ring of slaying]

   Slay:      It affects your accuracy & damage with ranged weapons and melee
   (+4).
   It has a curse which improves the following skills: Introspection: Fighting
   and Spellcasting.
   Beguiling: Conjurations, Hexes and Translocations.
 q - a ring of protection from fire
Wands
 f - a wand of polymorph (10)
 s - a wand of quicksilver (5)
Scrolls
 e - 2 scrolls of poison
 i - 2 scrolls of identify
 r - a scroll of butterflies
Potions
 d - a potion of might
 g - a potion of flight {unknown}
 h - 2 potions of ambrosia {unknown}
 j - 3 potions of haste {unknown}
 l - a potion of mutation {unknown}
 m - 2 potions of degeneration {unknown}
 p - a potion of heal wounds {unknown}


   Skills:
 + Level 5.5(6.0) Fighting
 + Level 10.3 Axes
 + Level 6.4 Armour
 + Level 5.3 Shields


You had 7 spell levels left.
You didn't know any spells.
Your spell library contained the following spells:

 Spells                   Type           Power      Damage    Failure   Level
 Summon Small Mammal      Summ           0%         N/A       98%         1
 Call Canine Familiar     Summ           0%         N/A       100%        3
 Gell's Gravitas          Tloc           0%         N/A       100%        3
 Lesser Beckoning         Tloc           0%         N/A       100%        3
 Summon Guardian Golem    Hex/Summ       0%         N/A       100%        3
 Teleport Other           Tloc           0%         N/A       100%        3


Dungeon Overview and Level Annotations

Branches:
Dungeon (6/15)             Temple (1/1) D:5

Altars:
Ashenzari
Cheibriados
Dithmenos
Elyvilon
Fedhas
Gozag
Hepliaklqana
Kikubaaqudgha
Nemelex Xobeh
Okawaru
Qazlal
Ru
Trog
Uskayaw
Vehumet
Wu Jian
Xom
Yredelemnul
Zin

Shops:
D:1 ?::

Annotations:
D:5 2 transporters, DemonSlayer's ghost, novice DsVM
Temple 4 transporters


Innate Abilities, Weirdness & Mutations

You have a pair of horns on your head.
You reflexively headbutt those who attack you in melee.


Message History

Found a stone.
A shadow imp comes into view.
The shadow imp shouts!
A shadow imp is nearby!
You see here a stone.
A vampire comes into view.
Found a scroll labelled BEPEW BUTUN.
The vampire moves out of view.
You block the shadow imp's attack.
You hit the shadow imp but do no damage.
The shadow imp misses you. You block the shadow imp's attack.
You hit the shadow imp.
The shadow imp is lightly wounded.
You hit the vampire but do no damage. The vampire barely misses you.
You block the vampire's attack.
The shadow imp hits you but does no damage.
You slice the shadow imp!!
You kill the shadow imp!
You closely miss the vampire.
The vampire gestures wildly while chanting.
The vampire flickers and vanishes!
Deactivating autopickup; reactivate with Ctrl-A.
Something hits you but does no damage. Something bites you but does no damage.
Something hits you but does no damage. Something bites you but does no damage.
You slash something! Your headbutt misses something. Something hits you!
Something bites you but does no damage.
You hit something. Your headbutt misses something.
Something draws life force from you!!
Found a ring mail.
You block something's attack. Something bites you!
Something draws strength from your injuries!
You hear some strange, mumbled words.
You are confused.
You miss something. Your headbutt misses something. Something hits you!
Something bites you but does no damage.
You barely miss something. Something hits you.
* * * LOW HITPOINT WARNING * * *
Something bites you!
* * * LOW HITPOINT WARNING * * *
Something draws strength from your injuries!
Something hits you but does no damage. Something bites you!
You die...

#.# #.# #(#
####.# ##
#.?..#
...##.##.####
............#
.#..#..#{.#.#
#..#..#.@#..#
..#..#..#...#
.#..#..#..#.#
#..#..#..#..#
...........##
[......#####
#######


There were no monsters in sight!

Vanquished Creatures
  Menkaure (D:5)
  A black bear (D:6)
  2 ogres (D:5)
  3 phantoms (D:5)
  2 necrophages (D:6)
  2 scorpions (D:5)
  A gnoll bouda (D:5)
  2 hounds
  A jelly (D:5)
  4 orc priests
  3 iguanas
  4 orc wizards
  3 gnolls (D:5)
  10 adders
  2 shadow imps
  A worm (D:3)
  11 orcs
  4 endoplasms
  3 giant cockroaches
  8 goblins
  3 hobgoblins
  4 jackals (D:3)
  3 quokkas
  5 ball pythons
  6 bats
  3 frilled lizards (D:1)
  6 kobolds
  A rat (D:3)
99 creatures vanquished.

Notes
Turn   | Place    | Note
-------+----------+-------------------------------------------
     0 | D:1      | GigaChad the Minotaur Fighter began the quest for the Orb.
     0 | D:1      | Reached XP level 1. HP: 19/19 MP: 0/0
   195 | D:1      | Found Luvuu's Magic Scroll Emporium.
   207 | D:1      | Reached XP level 2. HP: 20/27 MP: 1/1
   301 | D:1      | Found a faded altar of an unknown god.
   377 | D:1      | Found Jiwkaxav's Book Shoppe.
   467 | D:1      | Found Gazauck's Book Boutique.
   830 | D:2      | Found the +1 Delatra's gloves {ID++}
   924 | D:2      | Reached skill level 3 in Axes
  1319 | D:3      | Reached XP level 3. HP: 32/33 MP: 2/2
  1533 | D:3      | Reached skill level 4 in Axes
  1533 | D:3      | Reached XP level 4. HP: 38/40 MP: 3/3
  1685 | D:3      | Found a glowing silver altar of Zin.
  2118 | D:4      | Reached skill level 5 in Axes
  2118 | D:4      | Reached XP level 5. HP: 13/47 MP: 4/4
  3061 | D:4      | Reached skill level 6 in Axes
  3065 | D:4      | Reached XP level 6. HP: 32/53 MP: 5/5
  3798 | D:5      | Entered Level 5 of the Dungeon
  4101 | D:5      | Found a large runed translucent door.
  4102 | D:5      | Found a large runed translucent door.
  4115 | D:5      | Reached skill level 7 in Axes
  4124 | D:5      | Reached skill level 5 in Armour
  4146 | D:5      | Reached XP level 7. HP: 30/60 MP: 6/6
  4196 | D:5      | Noticed Menkaure
  4214 | D:5      | Killed Menkaure
  4215 | D:5      | Reached skill level 8 in Axes
  4624 | D:5      | Found a broken altar of Ashenzari.
  4631 | D:5      | Found an iron altar of Okawaru.
  4647 | D:5      | Became a worshipper of Ashenzari the Shackled
  4691 | D:5      | Reached skill level 5 in Fighting
  4694 | D:5      | Reached skill level 9 in Axes
  4694 | D:5      | Reached skill level 5 in Shields
  4694 | D:5      | Reached XP level 8. HP: 56/68 MP: 7/7
  4822 | D:5      | Found a staircase to the Ecumenical Temple.
  4840 | D:5      | Noticed DemonSlayer's ghost (novice DsVM)
  4844 | Temple   | Entered the Ecumenical Temple
  4844 | Temple   | Found a transporter.
  4844 | Temple   | Found a transporter.
  4846 | Temple   | Found a transporter.
  4846 | Temple   | Found a transporter.
  4892 | D:5      | Found a transporter.
  4927 | D:5      | Found a transporter.
  5341 | D:6      | Reached skill level 10 in Axes
  5550 | D:6      | Slain by a vampire

Illustrated notes

Levels and vault maps discovered:
D:1:      scummos_arrival_forest, layout_rooms, serial_shops, shop, shop,
          nicolae_square_shop, shapermc_ecumenical_altar_flowoftime
D:2:      layout_loops_cross
D:3:      layout_basic, nicolae_overflow_crystal_walls
D:4:      minmay_general_purpose_star, layout_basic
D:5:      layout_rooms, jmf_multi_god_temple2, minmay_temple_entry_purple_smoke,
          gammafunk_ghost_arena, uniq_menkaure
D:6:      layout_loops_ring, minmay_misc_feat_diagonals
Temple:   hellmonk_temple_divided_pantheon

Skill      XL: |  1  2  3  4  5  6  7  8 |
---------------+-------------------------+-----
Armour         | 4 5 6 |  6.4
Axes           | 3 4 5 6 7 9 10 | 10.3
Fighting       | 4 5 |  5.5
Shields        | 4 5 |  5.3

Action                   |  1- 3 |  4- 6 |  7- 9 || total
-------------------------+-------+-------+-------++-------
Melee: War axe           |    77 |    94 |    65 ||   236
       Headbutt          |     4 |    14 |     9 ||    27
Invok: Curse Item        |       |       |     1 ||     1
  Use: Scroll            |     1 |       |    10 ||    11
Armor: Scale mail        |    70 |    58 |    36 ||   164
Dodge: Dodged            |    57 |    49 |    25 ||   131
Block: Buckler           |    21 |     6 |       ||    27
       Kite shield       |       |    28 |    38 ||    66
